Cogmind - Beta 13 @@@ ROGUE MODE // 2024.04.02 @ 22:20:12 Player: CogEmotions! Result: Destroyed by G-47 Trooper with Particle Gun Performance ------------- Evolutions (2) 1000 Regions Visited (3) 600 Robots Destroyed (49) 245 Value Destroyed (1461) 1461 Prototype IDs (2) 40 Alien Tech Used (0) 0 Bonus (50) 50 TOTAL SCORE: 3396 Bonus ------- High Alert Combat Kills 50 Cogmind --------- Core Integrity 0/550 Matter 263/300 Energy 100/100 System Corruption 0% Temperature Cool (9) Movement Flying (315) Ox7 Location -8/Materials Parts ------- > --- POWER (1) -------- (None) > --- PROPULSION (4) --- Surge Thruster > --- UTILITY (4) ------ Large Storage Unit Visual Processing Unit Core Analyzer > --- WEAPON (2) ------- Powered Hammer > --- INVENTORY (15) --- Improved Sensor Array Improved Shield Generator Trap Extractor (0/4) Spread Laser Beam Cannon Heavy Ion Cannon Heavy Ion Cannon Peak State ------------ > --- POWER ------------ Improved Ion Engine > --- PROPULSION ------- Gravmag System Gravmag System Gravmag System Gravmag System > --- UTILITY ---------- Large Storage Unit Visual Processing Unit Shield Generator Hacking Suite > --- WEAPON ----------- Heavy Ion Cannon Heavy Ion Cannon > --- INVENTORY -------- Small Storage Unit Trap Extractor Spread Laser Beam Cannon Powered Hammer [Rating: 35] Favorites ----------- Power Ion Engine Engine Ion Engine Power Core Light Nuclear Core Propulsion Wheel Leg Aluminum Leg Wheel Wheel Hover Unit Gravmag System Flight Unit Surge Thruster Utility Visual Processing Unit Device Trap Extractor Storage Medium Storage Unit Processor Visual Processing Unit Hackware Hacking Suite Protection Weapon Shielding Weapon Advanced Beam Cannon Energy Gun Medium Laser Energy Cannon Advanced Beam Cannon Launcher Grenade Launcher Impact Weapon Powered Hammer Build | -11 -10 -9 -8 ------- Run | Yrd Mat Mat Mat Slots Evolved 4 | . . 2 2 Power . | . . . . Propulsion 2 | . . . 2 Utility 2 | . . 2 . Weapon . | . . . . Parts Attached 45 | 6 4 16 19 Power 7 | 1 . 4 2 Engine 5 | 1 . 4 . Core 2 | . . . 2 Reactor . | . . . . Propulsion 12 | 2 . 3 7 Treads . | . . . . Leg 5 | . . 3 2 Wheel 2 | 2 . . . Hover 4 | . . . 4 Flight 1 | . . . 1 Utility 12 | 1 2 5 4 Device 4 | . 1 2 1 Storage 4 | 1 1 1 1 Processor 2 | . . 1 1 Hackware 1 | . . . 1 Protection 1 | . . 1 . Artifact . | . . . . Weapon 14 | 2 2 4 6 Energy Gun 2 | 2 . . . Energy Cannon 8 | . 1 2 5 Ballistic Gun . | . . . . Ballistic Cannon . | . . . . Launcher 3 | . 1 2 . Special Weapon . | . . . . Impact Weapon 1 | . . . 1 Slashing Weapon . | . . . . Piercing Weapon . | . . . . Special Melee Weapon . | . . . . Unidentified Prototypes 2 | . . 2 . Parts Lost 10 | . . 1 9 Power 3 | . . 1 2 Propulsion 4 | . . . 4 Utility 2 | . . . 2 Weapon 1 | . . . 1 Highest Loss Streak 6 | . . 1 6 To Critical Strikes . | . . . . Average Slot Usage (%) 88 | . 99 99 70 Engine 8 | . 14 10 3 Core 1 | . . . 3 Leg 6 | . . 10 4 Wheel 10 | . 28 11 . Hover 2 | . . . 6 Device 11 | . 13 16 4 Storage 11 | . 14 11 9 Processor 7 | . . 6 13 Hackware 3 | . . . 8 Protection 3 | . . 9 . Energy Gun 1 | . 5 . . Energy Cannon 14 | . 8 18 12 Launcher 5 | . 13 3 3 Naked Turns . | . . . . Heaviest Build 45 | 14 22 37 45 Greatest Support 40 | 20 20 20 40 Greatest Overweight (x) 13 | . 1 1 13 Average Overweight (x) 1 | . . 1 3 Largest Inventory Capacity 15 | 8 10 15 15 Average Capacity 11 | 7 9 10 15 Most Carried 10 | 2 6 10 9 Average Carried 6 | . 4 6 6 Final Capacity 15 | 8 10 15 15 Final Carried 7 | 1 6 5 7 Class Distribution -------------------- 84% | Mutant 15% | Scavenger-Mutant Dominant Class ---------------- Mutant | -10/Materials Mutant | -9/Materials Mutant | -8/Materials Resources | -11 -10 -9 -8 ----------- Run | Yrd Mat Mat Mat Matter Collected 929 | 232 41 318 338 Remotely . | . . . . Salvage Created 1639 | . 68 825 746 Parts 81 | . 4 47 30 Haulers Intercepted 2 | . . 1 1 Recyclers Shooed 6 | . . 4 2 Parts Field Recycled . | . . . . Retrieved Matter . | . . . . Parts Self-Destructed . | . . . . Prevented . | . . . . Kills | -11 -10 -9 -8 ------- Run | Yrd Mat Mat Mat Combat Hostiles Destroyed 35 | . 2 13 20 Melee 2 | . . . 2 Guns 1 | . 1 . . Cannons 20 | . . 11 9 AOE 11 | . 1 1 9 Classes Destroyed 12 | . 3 6 3 Worker 3 | . . 1 2 Builder 1 | . . 1 . Hauler 2 | . . 1 1 Recycler 3 | . . 1 2 Operator 1 | . 1 . . Watcher 4 | . 1 3 . Swarmer 4 | . . . 4 Cutter 2 | . . . 2 Grunt 22 | . 2 8 12 Brawler 2 | . . 1 1 Sentry 4 | . . 4 . Hunter 1 | . . . 1 Best Kill Streak 6 | . 3 4 6 Combat Bots Only 4 | . 2 4 4 Max Kills in Single Turn 3 | . 1 2 3 Gunslinging . | . . . . Exploded 3 | . 1 1 3 Melee 1 | . . . 1 Uniques/NPCs Destroyed . | . . . . Combat | -11 -10 -9 -8 -------- Run | Yrd Mat Mat Mat Hostile Shots Fired 217 | . 11 55 151 Missed 69 | . 7 15 47 Damage Taken 2004 | . 44 549 1411 Core 663 | . 21 82 560 Absorbed by Shields 134 | . . . 134 Redirected to Shielding 47 | . . 47 . Core Remaining (%) 90 | 100 91 79 . Volleys Fired 98 | . 8 48 42 Largest 2 | . 2 2 2 Hottest 136 | . 80 136 136 Shots Fired 167 | . 12 86 69 Gun 8 | . 8 . . Cannon 132 | . . 85 47 Launcher 27 | . 4 1 22 Special . | . . . . Kinetic . | . . . . Thermal 140 | . 8 85 47 Explosive 27 | . 4 1 22 Electromagnetic . | . . . . Robot Hit Streak 7 | . 3 7 7 Robot Miss Streak 7 | . 5 3 7 Penetration Max . | . . . . Secondary Targets . | . . . . Shots Hit Robots 94 | . 5 52 37 Core Hits 77 | . 8 20 49 Critical Kills . | . . . . Critical Parts Destroyed 1 | . . . 1 Critical Strikes 1 | . . . 1 Smash 1 | . . . 1 Melee Attacks 3 | . . . 3 Impact 3 | . . . 3 Slashing . | . . . . Piercing . | . . . . Sneak Attacks . | . . . . Combat Hostiles . | . . . . Follow-up Attacks . | . . . . Damage Inflicted 3539 | . 288 1155 2096 Guns 62 | . 62 . . Cannons 1825 | . . 1064 761 Explosions 1570 | . 225 69 1276 Melee 59 | . . . 59 Ramming 23 | . 1 22 . Kinetic . | . . . . Thermal 1887 | . 62 1064 761 Explosive 1570 | . 225 69 1276 Electromagnetic . | . . . . Impact 59 | . . . 59 Slashing . | . . . . Piercing . | . . . . Highest Corruption . | . . . . Average Corruption . | . . . . Corruption Purged . | . . . . Corruption Blocked . | . . . . Overload Shots . | . . . . Overflow Damage 37 | . 8 1 28 Projectiles 1 | . . 1 . Explosions 8 | . 8 . . Melee 28 | . . . 28 Knockbacks . | . . . . Impact . | . . . . Kinetic . | . . . . Secondary . | . . . . Self-Inflicted Damage 49 | . . 10 39 Shots 1 | . . . 1 Rammed 4 | . 1 3 . Targets Rammed 4 | . 1 3 . Kicked . | . . . . Crushed . | . . . . Highest Temperature 523 | . 64 523 327 Average Temperature 152 | . 27 178 128 Received Heat Transfer 853 | . 24 219 610 Effects 18 | . . 12 6 Shutdowns 2 | . . 1 1 Energy Bleed 1 | . . 1 . Interference 9 | . . 4 5 Matter Decay 2 | . . 2 . Short Circuit 2 | . . 2 . Damage (minor) 2 | . . 2 . Siege Activations . | . . . . Robots Corrupted . | . . . . Combat Hostiles . | . . . . Parts Fried 1 | . . . 1 Impact Corruptions 1 | . . . 1 Robots Melted 1 | . . 1 . Combat Hostiles 1 | . . 1 . Parts Melted 10 | . . 6 4 Heat Transferred 3182 | . 185 1924 1073 Parts Sabotaged . | . . . . Parts Stolen . | . . . . Parts Stripped . | . . . . Power Chain Reactions . | . . . . Alert | -11 -10 -9 -8 ------- Run | Yrd Mat Mat Mat Peak Influence 496 | . 120 217 496 Initial 31 | . . 5 31 Average 165 | . 72 73 341 Maximum Alert Level 2 | . . 1 2 Low Security (%) 67 | 100 100 98 11 Level 1 22 | . . 1 61 Level 2 9 | . . . 27 Level 3 . | . . . . Level 4 . | . . . . Level 5 . | . . . . High Security . | . . . . Max Security . | . . . . Squads Dispatched 6 | . . 1 5 Investigation 2 | . . 1 1 Extermination . | . . . . Reinforcement 4 | . . . 4 Assault . | . . . . Garrison . | . . . . Intercept . | . . . . Searches Triggered . | . . . . Construction Impeded . | . . . . Haulers Reinforced . | . . . . Active Scanning Responses . | . . . . Cargo Convoy Interrupts . | . . . . Stealth | -11 -10 -9 -8 --------- Run | Yrd Mat Mat Mat Distress Signals 7 | . 1 4 2 Communications Jammed . | . . . . Distress Signals . | . . . . Times Spotted 62 | . 10 17 35 Peak Tracking Total 5 | . 5 4 5 Tactical Retreats . | . . . . Traps | -11 -10 -9 -8 ------- Run | Yrd Mat Mat Mat Traps Triggered 1 | . . 1 . Indirectly . | . . . . Trap Hack Attempts . | . . . . Triggered . | . . . . Disarmed . | . . . . Reprogrammed . | . . . . Reused . | . . . . Traps Extracted . | . . . . Installed . | . . . . Triggered . | . . . . Machines | -11 -10 -9 -8 ---------- Run | Yrd Mat Mat Mat Machines Disabled 5 | . . 2 3 Max in Single Turn 1 | . . 1 1 Machines Repaired . | . . . . Machines Dismantled . | . . . . Machines Sabotaged . | . . . . Overloaded Fab Kills . | . . . . Hacking | -11 -10 -9 -8 --------- Run | Yrd Mat Mat Mat Machines Accessed 5 | . 1 3 1 Terminals 4 | . 1 2 1 Fabricators . | . . . . Repair Stations . | . . . . Recycling Units 1 | . . 1 . Scanalyzers . | . . . . Garrison Access . | . . . . Total Hacks 15 | . 4 7 4 Successful 10 | . 3 5 2 Failed 5 | . 1 2 2 Catastrophic 3 | . . 1 2 Database Lockouts . | . . . . Manual 2 | . . 1 1 Terminals 10 | . 4 2 4 Fabricators . | . . . . Repair Stations . | . . . . Recycling Units 5 | . . 5 . Scanalyzers . | . . . . Garrison Access . | . . . . Terminal Hacks 6 | . 3 1 2 Record 5 | . 3 . 2 Unreport Threat 1 | . . 1 . Fabricator Hacks . | . . . . Repair Station Hacks . | . . . . Recycling Unit Hacks 4 | . . 4 . Recycle Component 3 | . . 3 . Process 1 | . . 1 . Scanalyzer . | . . . . Garrison Access Hacks . | . . . . Unauthorized Hacks . | . . . . Terminals . | . . . . Fabricators . | . . . . Repair Stations . | . . . . Recycling Units . | . . . . Scanalyzers . | . . . . Garrison Access . | . . . . Data Cores Recovered 1 | . 1 . . Used . | . . . . Hacking Detections 3 | . 1 1 1 Full Trace Events 1 | . . . 1 Feedback Events . | . . . . Feedback Blocked . | . . . . Robot Schematics Acquired . | . . . . Robots Built . | . . . . Authchips . | . . . . Time . | . . . . Total Robot Build Rating . | . . . . Part Schematics Acquired . | . . . . Parts Built . | . . . . Authchips . | . . . . Time . | . . . . Total Part Build Rating . | . . . . Parts Repaired . | . . . . Time . | . . . . Parts Recycled 3 | . . 3 . Recycled Matter 329 | . . 329 . Retrieved Matter . | . . . . Retrieved Components . | . . . . Parts Scanalyzed . | . . . . Part Schematics Acquired . | . . . . Parts Damaged . | . . . . Bothacking | -11 -10 -9 -8 ------------ Run | Yrd Mat Mat Mat Used RIF Installer . | . . . . Robots Hacked . | . . . . Non-combat . | . . . . Combat . | . . . . Robot Hacks Applied . | . . . . Relay Couplers Released . | . . . . Fabnet Peak Effective % . | . . . . Robots Rewired . | . . . . Allies Hacked . | . . . . Hacks Repelled . | . . . . Allies | -11 -10 -9 -8 -------- Run | Yrd Mat Mat Mat Total Allies . | . . . . Largest Group . | . . . . Highest-Rated Group . | . . . . Highest-Rated Ally . | . . . . Total Orders . | . . . . Ally Attacks . | . . . . Total Damage . | . . . . Kills . | . . . . Allies Corrupted . | . . . . Allies Melted . | . . . . Intel | -11 -10 -9 -8 ------- Run | Yrd Mat Mat Mat Robot Analysis Total . | . . . . Derelict Logs Recovered . | . . . . Drone Launches . | . . . . Drone Recoveries . | . . . . Exploration | -11 -10 -9 -8 ------------- Run | Yrd Mat Mat Mat Turns Passed 2418 | 78 468 1017 855 Spaces Moved 1302 | 84 483 489 246 Core 38 | 6 . . 32 Treads . | . . . . Legs 270 | . . 182 88 Wheels 868 | 78 483 307 . Hover 121 | . . . 121 Flight 5 | . . . 5 Fastest Speed 48 | 50 80 95 48 Average Speed 137 | 77 90 130 262 Slowest Speed 700 | 80 95 190 700 Overloaded Moves . | . . . . Propulsion Burnouts . | . . . . Robots Hopped . | . . . . Cave-ins Triggered . | . . . . Exploration Rate (%) 32 | 4 60 38 28 Regions Visited 3 Branch Regions . Pre-discovered Areas . | . . . . Known Exits Taken . | . . . . Unknown Exits Taken 3 | 1 1 1 . Scrap Searched . | . . . . Spaces Dug . | . . . . Terrain Destroyed 127 | . 27 9 91 Melee . | . . . . Projectile 13 | . . . 13 AOE 114 | . 27 9 78 Terrain Rammed . | . . . . Walls Destroyed . | . . . . Machines Disabled . | . . . . Actions | -11 -10 -9 -8 --------- Run | Yrd Mat Mat Mat Total 1766 | 96 501 784 385 Wait 250 | . . 204 46 Move 1299 | 83 482 488 246 Hop . | . . . . Pick Up 46 | 7 6 14 19 Fast Attach . | . . . . Attach 31 | 6 1 7 17 Detach 3 | . . 2 1 Swap 14 | . 3 9 2 Drop 18 | . . 9 9 Fire 98 | . 8 48 42 Melee 3 | . . . 3 Ram 4 | . 1 3 . Kick . | . . . . Crush . | . . . . Escape Stasis . | . . . . Rewire . | . . . . Trap . | . . . . Miscellaneous . | . . . . Route ------- -11/Scrapyard -10/Materials (discovered 4 exits: *Mat x3 / [*Min]) -9/Materials (discovered 2 exits: *Mat / [*Min]) -8/Materials (discovered 1 exit: [*Fac]) History --------- Turn | Location | Event 24 | -11/Scrapyard | Discovered new exit (range 15) 79 | -11/Scrapyard | Entered Materials 122 | -10/Materials | Discovered new exit (range 13) 127 | -10/Materials | Discovered new exit (range 8) 207 | -10/Materials | Discovered new exit (range 16) 302 | -10/Materials | Discovered new exit (range 14) 315 | -10/Materials | Build established: Mutant 547 | -10/Materials | Entered another Materials area 547 | -9/Materials | Evolved 2 slots: Utility x2 766 | -9/Materials | Discovered new exit (range 9) 1513 | -9/Materials | Discovered new exit (range 8) 1564 | -9/Materials | Entered another Materials area 1564 | -8/Materials | Evolved 2 slots: Propulsion x2 1682 | -8/Materials | Build established: Scavenger-Mutant 1918 | -8/Materials | Core integrity fell below 50% 1943 | -8/Materials | Lost 6 parts (1p3n1u1w) 2050 | -8/Materials | Build established: Mutant 2057 | -8/Materials | Discovered new exit (range 17) 2399 | -8/Materials | Core integrity fell below 20% 2419 | -8/Materials | Destroyed by G-47 Trooper with Particle Gun Last Messages --------------- U-05 Engineer builds a Wall. Acquired Surge Thruster. Penetrated by Slug. Lgt. Nuclear Core destroyed. Microactuators destroyed. Critical hit (Blast). U-05 Engineer lays Concrete. R-06 Scavenger collects Sml. Storage Unit. The Surge Thruster is "overloadable", activating it again increases its output for additional resource costs, and may damage the unit. U-05 Engineer lays Concrete. R-06 Scavenger collects Lgt. Assault Rifle. U-05 Engineer lays Concrete. U-05 Engineer builds a Wall. R-06 Scavenger collects Lgt. Ion Engine. U-05 Engineer builds a Wall. R-06 Scavenger collects Com. Wheel. Acquired 13 matter. U-05 Engineer builds a Wall. Map ----- +----------------------------------------------------+ | | | | | | | | | | | ????????????????????????????????????????? | | ????????????????????????????????????????? | | ????????????????????????????????????????? | | ????????????????????????????????????????? | | ????????????????????????????????????????? | | ????????????????????????????????????????? | | ??????????###???????????????????????????? | | ??????????# ???????????????????????????? | | ??????????# ???????????????????????????? | | ??????????+ ####+#?????????????????????? | | ??????????# #???????###???????????? | | ??????????# #?????? #???????????? | | ??????????# T?????? #???????????? | | ??????????# #?????]! #???????????? | | ??????????# #???? ]! #???????????? | | ??? ?????# !!##?? #???????????? | | ????"" ???# !!#### ! #???????????? | | ????"" ## ## ##+## ???????? | | ??????? + ]= *a=! ???????? | | ?????????# % Hu /%u ! ] ???????? | | ??????????#! @% ## "#????????????? | | ??????????# ###; *%# #???????????????? | | ??????????????##]%=#????????????????????? | | ???????????????# #????????????????????? | | ???????????????# #????????????????????? | | ???????####????# #????#???????????????? | | ???????# ??# #??? #???????????????? | | ???????# #[ #?? #???????????????? | | ???????# +=% #? ????????????????? | | ??????########## # ?????????????#???? | | ??????# # g ###??????????????# ??? | | ??????#""" #g g##???????????????# ??? | | ??????#""" %# r ##???????????????# ??? | | ??????#""" # ###########??????# ### | | ??????# + ## #??????# | | ??????#""" # ## """ #??????+ | | ??????#""" # r## "Y" #??????# T | | ??????#""" # ## #??????# | | ??????# # ## ! #??????# | | ??????########## ## """ #""????# | | ???????????????# ## """ # " ??# | | ???????????????# ## """ #??? # | | ???????????????# ## !#?????## " | | ??????????????## ######+########### ! | | ??????????????# | +----------------------------------------------------+ Best States ------------- Heat Dissipation 31 Energy Generation 14 Energy Capacity 280 Matter Stores 300 Matter Capacity 300 Sight Range 18 Terrain Scan Density 10 Weapon Shielding 33 Melee Speed Boost 20 Evasion (%) 55 Core Analysis 6 Offensive Hacking 10 Trap Extractor Capacity 4 Item Schematics ----------------- None Robot Schematics ------------------ None Fabricated ------------ Nothing Alien Tech Used ----------------- None Achievements -------------- Everything Is Under Control Hey, That's Mine! Challenges ------------ None Game ------ Seed BattleFlyingMatter Manual? 0 Play Time 00:29:00 Cumulative 5.5 hours Start 2024.04.02 @ 21:44:04 End 2024.04.02 @ 22:20:12 Sessions 1 Manual Loads 0 Difficulty Rogue Special Mode None Game No. 13 Rogue 13 Adventurer 0 Explorer 0 Win Type - Total 0 Types 0/0/0/0/0/0/0/0/0 Lore% 3 Gallery% 11 Achievement% 10 Wizard Run 0 Options --------- Layout 1 ASCII 0 Keyboard 0 Movement Mouse Keybinds 0 Fullscreen 1 Font 24/Smallcaps Map View 50x35 Zoom Use 0% Tactical HUD 0 Map Filters NONE Filters NONE Steam 1 RUN: a6e0b7bc-8adf-4563-8c28-eefc8cfac922